 Dungeon Crawl Stone Soup version 0.31.0-4-g52a2dc7128 (webtiles) character file.

Game seed: 1994112748302843435

2454 Arcadio the Skirmisher (level 9, -3/58 (71) HPs)
             Began as a Gnoll Hunter on Jan 22, 2024.
             Was an Initiate of Ru.
             Killed from afar by Maggie (17 damage)
             ... with a bolt of fire
             ... on level 7 of the Dungeon.
             The game lasted 00:19:14 (6675 turns).

Arcadio the Skirmisher (Gnoll Hunter)               Turns: 6675, Time: 00:19:14

HP:   -3/58 (71)    AC:  9    Str: 16    XL:     9   Next: 50%
MP:   0/15          EV: 16    Int: 16    God:    Ru [......]
Gold: 227           SH:  0    Dex: 19    Spells: 16/16 levels left

rFire   . . .        b - +2 dagger (holy)
rCold   . . .        (no shield)
rNeg    . . .        J - +0 steam dragon scales
rPois   .            f - +0 helmet
rElec   .            x - +0 cloak
rCorr   .            (no gloves)
SInv    .            l - +0 pair of boots
Will    .....        v - amulet of guardian spirit
Stlth   +++          s - +6 ring of intelligence
HPRegen 0.29/turn    z - +6 ring of strength
MPRegen 0.14/turn

%: guardian spirit
@: mesmerised, heavily drained
A: fangs 1, strong nose, distributed training
a: Renounce Religion


You were on level 7 of the Dungeon.
You worshipped Ru.
Ru was noncommittal.
You visited 2 branches of the dungeon, and saw 9 of its levels.

You collected 311 gold pieces.
You spent 84 gold pieces at shops.

Inventory:

Hand Weapons
 a - a +0 shortbow
 b - a +2 dagger of holy wrath (weapon)
 q - a +1 vampiric dagger
 t - a +0 orcbow
 w - a +4 hammer
Armour
 c - a +0 leather armour
 f - a +0 helmet (worn)
 g - a +1 robe of resistance
 l - a +0 pair of boots (worn)
 x - a +0 cloak (worn)
 B - a +1 hat
 J - +0 steam dragon scales (worn)
Jewellery
 j - a ring of fire
 s - a +6 ring of intelligence (left hand)
 v - an amulet of guardian spirit (around neck)
 z - a +6 ring of strength (right hand)
 G - an amulet of magic regeneration
Wands
 E - a wand of flame (12)
 I - a wand of charming (5)
Scrolls
 e - a scroll of butterflies
 k - a scroll of blinking {unknown}
 m - a scroll of poison {unknown}
 n - 3 scrolls of teleportation {unknown}
 r - 8 scrolls of identify
 y - a scroll of revelation {unknown}
 A - a scroll of enchant armour {unknown}
 F - 2 scrolls of fog {unknown}
Potions
 d - 2 potions of might {unknown}
 h - a potion of experience {unknown}
 i - 2 potions of heal wounds {unknown}
 o - 3 potions of curing {unknown}
 p - a potion of ambrosia {unknown}
 u - a potion of attraction {unknown}
 C - 2 potions of brilliance {unknown}
 D - a potion of lignification {unknown}
 H - a potion of resistance {unknown}


   Skills:
 + Level 6.5 Fighting
 + Level 4.4 Short Blades
 + Level 4.4 Long Blades
 + Level 4.4 Axes
 + Level 4.4 Maces & Flails
 + Level 4.4 Polearms
 + Level 4.4 Staves
 + Level 9.7 Ranged Weapons
 + Level 4.4 Throwing
 + Level 4.4 Armour
 + Level 6.5 Dodging
 + Level 5.1 Stealth
 + Level 4.4 Shields
 + Level 4.4 Unarmed Combat
 + Level 4.4 Spellcasting
 + Level 3.7 Conjurations
 + Level 3.7 Hexes
 + Level 3.7 Summonings
 + Level 3.7 Necromancy
 + Level 3.7 Translocations
 + Level 3.7 Fire Magic
 + Level 3.7 Ice Magic
 + Level 3.7 Air Magic
 + Level 3.7 Earth Magic
 + Level 3.7 Alchemy
 + Level 4.9 Invocations
 + Level 4.4 Evocations
 + Level 4.0 Shapeshifting


You had 16 spell levels left.
You didn't know any spells.
Your spell library contained the following spells:

 Spells                   Type           Power      Damage    Failure   Level
 Summon Small Mammal      Summ           60%        N/A       3%          1
 Lesser Beckoning         Tloc           30%        N/A       5%          2
 Call Canine Familiar     Summ           15%        N/A       11%         3
 Gell's Gravitas          Tloc           15%        N/A       11%         3
 Teleport Other           Tloc           15%        N/A       11%         3
 Volatile Blastmotes      Fire/Tloc      30%        2d12      11%         3
 Fulminant Prism          Conj/Alch      7%         3d7       34%         4
 Iskenderun's Mystic Bla  Conj/Tloc      15%        2d5       34%         4
 Summon Blazeheart Golem  Fire/Summ      15%        N/A       34%         4


Dungeon Overview and Level Annotations

Branches:
Dungeon (8/15)             Temple (1/1) D:5
   Lair: D:8-11

Altars:
Ashenzari
Cheibriados
Dithmenos
Elyvilon
Fedhas
Gozag
Hepliaklqana
Kikubaaqudgha
Makhleb
Nemelex Xobeh
Okawaru
Qazlal
Ru
Sif Muna
Trog
Uskayaw
Vehumet
Wu Jian
Xom
Yredelemnul
Zin
The Shining One

Shops:
D:2 ?

Annotations:
D:3 1 runed translucent door, Galthrax's ghost, amateur SpAl
D:5 Dowan; Duvessa
D:7 Maggie


Innate Abilities, Weirdness & Mutations

You have very sharp teeth.
Your uncanny sense of smell can sniff out nearby items.
Your experience applies equally to all skills.


Message History

You feel drained.
You hit Maggie.
Maggie is severely wounded.
You closely miss Maggie.
Maggie is severely wounded.
Maggie closely misses you.
You hit Maggie but do no damage.
Maggie is severely wounded.
Maggie casts a spell at you. The bolt of fire misses you.
You hit Maggie. Your punch misses Maggie. Your bite misses Maggie.
Maggie is severely wounded.
Maggie closely misses you.
You barely miss Maggie. Your bite misses Maggie.
Maggie is severely wounded.
Maggie barely misses you.
You hit Maggie.
Maggie is severely wounded.
You hit Maggie but do no damage. You bite Maggie, but do no damage.
Maggie is severely wounded.
Maggie closely misses you.
You completely miss Maggie.
Maggie is severely wounded.
Maggie hits you with a +2 long sword of draining!
You feel drained.
You hit Maggie but do no damage.
Maggie is severely wounded.
Maggie hits you with a +2 long sword of draining!
You feel drained.
You hit Maggie.
Maggie is almost dead.
Maggie points at you and mumbles some strange words.
The bolt of fire misses you.
You hit Maggie but do no damage.
Maggie is almost dead.
You closely miss Maggie.
Maggie is almost dead.
Maggie casts a spell at you. The bolt of fire hits you!!
You die...

# #.##.##.#
#.#.# #
#.##.##.# #.#.#
#
#.##.##.####.#.#
#.##.....).....#
#.#..........###
#.......######
#.##.......#
#.[........#
####....@@.#
#.......#
#..#....#
###.##### ...#
#####


You could see Maggie (mesmerising).

Vanquished Creatures
  A steam dragon (D:7)
  2 water moccasins
  2 black bears
  An ice beast (D:5)
  4 ogres
  2 centaurs
  A phantom (D:6)
  A kobold brigand (D:7)
  Blork the orc (D:4)
  3 bullfrogs
  A gnoll sergeant (D:6)
  2 scorpions (D:7)
  4 jellies
  4 hounds
  2 orc priests (D:6)
  A gnoll bouda (D:6)
  2 sleepcaps
  Crazy Yiuf (D:5)
  2 iguanas
  2 orc wizards
  14 gnolls
  8 adders
  3 shadow imps (D:5)
  A ribbon worm (D:2)
  2 dart slugs
  17 orcs
  10 endoplasms
  4 goblins
  4 hobgoblins
  4 quokkas
  8 ball pythons
  2 bats (D:1)
  3 frilled lizards
  4 kobolds
  4 rats
127 creatures vanquished.

Notes
Turn   | Place    | Note
-------+----------+-------------------------------------------
     0 | D:1      | Arcadio the Gnoll Hunter began the quest for the Orb.
     0 | D:1      | Reached XP level 1. HP: 20/20 MP: 1/1
   170 | D:1      | Reached XP level 2. HP: 22/26 MP: 2/2
   519 | D:2      | Reached XP level 3. HP: 28/31 MP: 3/3
   674 | D:2      | Reached skill level 1 in Invocations
   746 | D:2      | Found Esyt's Magic Scroll Shop.
   750 | D:2      | Bought a scroll of identify for 28 gold pieces
   750 | D:2      | Bought a scroll of identify for 28 gold pieces
   750 | D:2      | Bought a scroll of identify for 28 gold pieces
   871 | D:2      | Reached skill level 1 in Short Blades
   871 | D:2      | Reached skill level 1 in Long Blades
   871 | D:2      | Reached skill level 1 in Axes
   871 | D:2      | Reached skill level 1 in Maces & Flails
   871 | D:2      | Reached skill level 1 in Polearms
   871 | D:2      | Reached skill level 1 in Staves
   871 | D:2      | Reached skill level 1 in Throwing
   871 | D:2      | Reached skill level 1 in Armour
   871 | D:2      | Reached skill level 1 in Shields
   871 | D:2      | Reached skill level 1 in Unarmed Combat
   871 | D:2      | Reached skill level 1 in Spellcasting
   871 | D:2      | Reached skill level 1 in Evocations
   932 | D:2      | Reached skill level 1 in Shapeshifting
   932 | D:2      | Reached XP level 4. HP: 30/38 MP: 5/5
   944 | D:2      | Reached skill level 1 in Conjurations
   944 | D:2      | Reached skill level 1 in Hexes
   944 | D:2      | Reached skill level 1 in Summonings
   944 | D:2      | Reached skill level 1 in Necromancy
   944 | D:2      | Reached skill level 1 in Translocations
   944 | D:2      | Reached skill level 1 in Fire Magic
   944 | D:2      | Reached skill level 1 in Ice Magic
   944 | D:2      | Reached skill level 1 in Air Magic
   944 | D:2      | Reached skill level 1 in Earth Magic
   944 | D:2      | Reached skill level 1 in Alchemy
  1423 | D:3      | Reached XP level 5. HP: 43/43 MP: 7/7
  1818 | D:3      | Noticed Galthrax's ghost (amateur SpAl)
  1832 | D:3      | Found a runed translucent door.
  1953 | D:3      | Found a glowing silver altar of Zin.
  2326 | D:4      | Noticed a black bear
  2437 | D:4      | Noticed an ogre
  2457 | D:5      | Entered Level 5 of the Dungeon
  2472 | D:5      | Noticed an ice beast
  2498 | D:4      | Reached XP level 6. HP: 36/50 MP: 8/8
  2597 | D:5      | Reached skill level 5 in Fighting
  2597 | D:5      | Reached skill level 5 in Dodging
  2833 | D:5      | Noticed a water moccasin
  2866 | D:5      | Noticed Dowan
  2867 | D:5      | Noticed Duvessa
  3040 | D:5      | Found a runed translucent door.
  3041 | D:5      | Noticed Crazy Yiuf
  3052 | D:5      | Killed Crazy Yiuf
  3208 | D:5      | Killed an ice beast
  3209 | D:5      | Reached XP level 7. HP: 18/56 MP: 2/10
  3532 | D:6      | Reached skill level 9 in Ranged Weapons
  3783 | D:6      | Reached XP level 8. HP: 60/63 MP: 10/12
  4907 | D:4      | Noticed Blork the orc
  4931 | D:4      | Killed Blork the orc
  5174 | D:5      | Found a staircase to the Ecumenical Temple.
  5190 | Temple   | Entered the Ecumenical Temple
  5212 | Temple   | Became a worshipper of Ru the Awakened
  5360 | D:5      | Reached XP level 9. HP: 69/69 MP: 14/14
  5933 | D:7      | Noticed Maggie
  6178 | D:7      | Reached skill level 5 in Stealth
  6675 | D:7      | Killed from afar by Maggie

Illustrated notes

Levels and vault maps discovered:
D:1:      ncdulo_watergridlock, layout_rooms
D:2:      layout_basic, serial_shops, nicolae_shop_behind_doors
D:3:      layout_rooms, zin_treasury, hellmonk_ghost_happy_afterlife
D:4:      layout_basic, serial_bayou, serial_bayou_shore_a, serial_bayou_pond_a,
          serial_bayou_lake_a, serial_bayou_ford_a, serial_bayou_pond_e,
          grunt_decor_cap, grunt_decor_one_mirror, uniq_blork_the_orc
D:5:      layout_basic, minmay_temple_entry_junction_2, uniq_duvessa,
          uniq_crazy_yiuf_cottage
D:6:      layout_loops_ring, dk_noncrumbling_2
D:7:      layout_loops_ring, st_stairs_3, kennysheep_generic_room_3, uniq_maggie
D:8:      layout_rooms, nzn_life_drinkers, uniq_joseph, uniq_prince_ribbit1,
          uniq_erica
Temple:   mainiacjoe_temple_trianglar_array

Skill      XL: |  1  2  3  4  5  6  7  8  9 |
---------------+----------------------------+-----
Invocations    | 1 2 3 4 |  4.9
Short Blades   | 1 2 3 4 |  4.4
Long Blades    | 1 2 3 4 |  4.4
Axes           | 1 2 3 4 |  4.4
Maces & Flails | 1 2 3 4 |  4.4
Polearms       | 1 2 3 4 |  4.4
Staves         | 1 2 3 4 |  4.4
Throwing       | 1 2 3 4 |  4.4
Armour         | 1 2 3 4 |  4.4
Shields        | 1 2 3 4 |  4.4
Unarmed Combat | 1 2 3 4 |  4.4
Spellcasting   | 1 2 3 4 |  4.4
Evocations     | 1 2 3 4 |  4.4
Shapeshifting  | 1 2 3 4 |  4.0
Conjurations   | 1 2 3 |  3.7
Hexes          | 1 2 3 |  3.7
Summonings     | 1 2 3 |  3.7
Necromancy     | 1 2 3 |  3.7
Translocations | 1 2 3 |  3.7
Fire Magic     | 1 2 3 |  3.7
Ice Magic      | 1 2 3 |  3.7
Air Magic      | 1 2 3 |  3.7
Earth Magic    | 1 2 3 |  3.7
Alchemy        | 1 2 3 |  3.7
Stealth        | 3 4 5 |  5.1
Fighting       | 5 6 |  6.5
Dodging        | 5 6 |  6.5
Ranged Weapons | 9 |  9.7

Action                     |  1- 3 |  4- 6 |  7- 9 || total
---------------------------+-------+-------+-------++-------
  Melee: Dagger            |       |    39 |    55 ||    94
         Bite              |       |     4 |     8 ||    12
         Punch             |       |     2 |     3 ||     5
   Fire: Shortbow          |    84 |   174 |   384 ||   642
 Armour: Robe              |    14 |    66 |   141 ||   221
         Steam dragon scal |       |       |    11 ||    11
  Dodge: Dodged            |    20 |   100 |   188 ||   308
